 Dungeon Crawl Stone Soup version 0.19.0-19-g8c6edcc (webtiles) character file.

1157 Monkfish the Slicer (level 8, -3/49 HPs)
             Began as a Kobold Berserker on Nov 13, 2016.
             Was a Believer of Trog.
             Slain by an ice beast (13 damage)
             ... on level 5 of the Dungeon.
             The game lasted 00:09:41 (3576 turns).

Monkfish the Slicer (Kobold Berserker)              Turns: 3576, Time: 00:09:42

Health: -3/49      AC:  7    Str: 17    XL:     8   Next: 66%
Magic:  8/8        EV: 18    Int: 12    God:    Trog [**....]
Gold:   297        SH:  3    Dex: 14    Spells: 0 memorised, 7 levels left

rFire  . . .     SeeInvis .     a - +0 short sword
rCold  . . .     Gourm    .     l - +2 robe "Midul" {-Cast Regen+ Int+4}
rNeg   . . .     Faith    .     (shield restricted)
rPois  .         Spirit   .     h - +0 helmet
rElec  .         Reflect  +     r - +1 cloak {+Inv}
rCorr  .         Harm     .     (no gloves)
MR     ++...     NoCast   +     (no boots)
Stlth  ++++......               i - +3 amulet of reflection
                                (no ring)
                                k - ring of stealth

@: exhausted, very slightly contaminated, regenerating, slowed, very slow
A: carnivore 3
a: Berserk, Trog's Hand, Burn Spellbooks, Renounce Religion, Evoke Invisibility


You were on level 5 of the Dungeon.
You worshipped Trog.
Trog was pleased with you.
You were not hungry.

You visited 1 branch of the dungeon, and saw 5 of its levels.

You collected 297 gold pieces.

Inventory:

Hand Weapons
 a - a +0 short sword (weapon)
Armour
 b - a +0 animal skin
 h - a +0 helmet (worn)
 l - the +2 robe "Midul" (worn) {-Cast Regen+ Int+4}
   (You found it on level 4 of the Dungeon)

   It affects your intelligence (+4).
   It prevents spellcasting.
   It increases your rate of regeneration.
 r - a +1 cloak of invisibility (worn)
Jewellery
 i - a +3 amulet of reflection (around neck)
 k - a ring of stealth (left hand)
Wands
 q - a wand of flame (21/48)
Scrolls
 f - a scroll of fog
 m - 2 scrolls of identify
 p - 2 scrolls of magic mapping
Potions
 d - 2 potions of curing
Comestibles
 c - a meat ration
 g - a royal jelly
 o - a slice of pizza


   Skills:
 + Level 5.1 Fighting
 + Level 8.6 Short Blades
 - Level 1.5 Armour
 + Level 6.3 Dodging
 * Level 6.5 Stealth


You had 7 spell levels left.
You didn't know any spells.

Dungeon Overview and Level Annotations

Branches:
Dungeon (5/15)
 Temple: D:4-7

Altars:
Ashenzari
Cheibriados
Gozag
Nemelex Xobeh
Qazlal
Ru
Trog


Innate Abilities, Weirdness & Mutations

You are small and have problems with some larger weapons.
You are carnivorous and can eat meat at any time.


Message History

The freed slave hits the ice beast.
The ice beast hits the freed slave.
The ice beast freezes the freed slave!
Items here: )) [[[ ††† You swap places.
The ice beast closely misses you.
You hit the ice beast.
The ice beast is heavily wounded.
The ice beast misses you.
You hit the ice beast but do no damage.
The ice beast is heavily wounded.
The ice beast hits you. The ice beast freezes you!
* * * LOW HITPOINT WARNING * * *
You hit the ice beast.
The ice beast is severely wounded.
The ice beast closely misses you.
Your skin crawls.
You feel resistant to hostile enchantments.
You feel quite a bit more hungry. The ice beast hits you.
* * * LOW HITPOINT WARNING * * *
The ice beast freezes you!
You die...

######### #....#
..........####....#
#.#)......##......#
#.#.....(.##......#
#.#.......# ......#
#.#.......# #.....#
#.#.......# #.....#
###.#..########.....####
#.......Y@p[..'))†......
######.#.##..#######..)######
.....................F.......
######.#.#.#.#####.#..#.#####
...#.#.#.....# #.#F.....
####.#.#.#.......# #........(
...... #.######..####........#
.....###.#...................'
.......#.........####........#


You could see an ice beast and a neutral freed slave.

Vanquished Creatures
  Pikel (D:5)
  2 slaves (D:5)
  The ghost of azzavlup the Skirmisher, an amateur DsAK of Lugonu (D:4)
  An ogre (D:5)
  A centaur (D:5)
  A bullfrog (D:5)
  A howler monkey (D:3)
  Crazy Yiuf (D:4)
  A bullfrog skeleton (D:4)
  An orc priest (D:3)
  3 orc wizards (D:5)
  2 worker ants (D:4)
  8 adders
  An ooze (D:1)
  An adder zombie (D:5)
  2 leopard geckos (D:5)
  13 orcs
  A ball python (D:2)
  6 bats
  3 giant cockroaches
  6 goblins
  9 hobgoblins
  2 jackals (D:4)
  2 quokkas
  7 frilled lizards
  3 kobolds
  A leopard gecko zombie (D:5)
  7 rats
88 creatures vanquished.

Vanquished Creatures (others)
  A slave (D:5)
  An ogre (D:5)
2 creatures vanquished.

Grand Total: 90 creatures vanquished

Notes
Turn   | Place    | Note
-------+----------+-------------------------------------------
     0 | D:1      | Monkfish the Kobold Berserker began the quest for the Orb.
     0 | D:1      | Reached XP level 1. HP: 14/14 MP: 1/1
    54 | D:1      | Reached skill level 1 in Stealth
    60 | D:1      | Reached XP level 2. HP: 19/19 MP: 2/2
   452 | D:1      | Found a sparkling altar of Nemelex Xobeh.
   810 | D:2      | Reached XP level 3. HP: 18/23 MP: 3/3
  1138 | D:2      | Reached ** piety under Trog
  1258 | D:2      | Reached XP level 4. HP: 19/28 MP: 4/4
  1529 | D:3      | Reached skill level 5 in Short Blades
  1529 | D:3      | Reached XP level 5. HP: 21/33 MP: 5/5
  2270 | D:4      | Found a bloodstained altar of Trog.
  2294 | D:4      | Noticed azzavlup's ghost (amateur DsAK)
  2305 | D:4      | Killed azzavlup's ghost
  2305 | D:4      | Reached skill level 6 in Short Blades
  2305 | D:4      | Reached XP level 6. HP: 38/38 MP: 6/6
  2580 | D:4      | Got a faintly humming robe
  3135 | D:4      | Found a runed door.
  3211 | D:4      | Noticed Crazy Yiuf
  3215 | D:4      | Killed Crazy Yiuf
  3215 | D:4      | Reached XP level 7. HP: 43/43 MP: 7/7
  3262 | D:4      | Identified the +2 robe "Midul" {-Cast Regen+ Int+4} (You found it on level 4 of the Dungeon)
  3307 | D:5      | Entered Level 5 of the Dungeon
  3378 | D:5      | Found a shattered altar of Ashenzari.
  3378 | D:5      | Found a sacrificial altar of Ru.
  3378 | D:5      | Found a snail-covered altar of Cheibriados.
  3379 | D:5      | Found an opulent altar of Gozag.
  3379 | D:5      | Found a stormy altar of Qazlal.
  3390 | D:5      | Reached skill level 5 in Dodging
  3390 | D:5      | Reached skill level 5 in Stealth
  3395 | D:5      | Reached skill level 7 in Short Blades
  3515 | D:5      | Noticed Pikel
  3561 | D:5      | Killed Pikel
  3561 | D:5      | Reached skill level 5 in Fighting
  3561 | D:5      | Reached skill level 8 in Short Blades
  3561 | D:5      | Reached XP level 8. HP: 49/49 MP: 8/8
  3576 | D:5      | Slain by an ice beast

Skill      XL: |  1  2  3  4  5  6  7 |
---------------+----------------------+-----
Stealth        | 1 2 3 4 6 |  6.5
Dodging        | 3 4 6 |  6.3
Short Blades   | 5 6 8 |  8.6
Fighting       | 4 5 |  5.1
Armour         | |  1.5

Action                   |  1- 3 |  4- 6 |  7- 9 || total
-------------------------+-------+-------+-------++-------
Melee: Short sword       |   111 |   146 |   102 ||   359
Invok: Berserk           |       |     7 |     3 ||    10
       Trog's Hand       |       |     2 |     4 ||     6
  Use: Scroll            |     3 |     5 |     8 ||    16
       Potion            |       |     4 |     1 ||     5
 Stab: Sleeping          |     7 |     1 |       ||     8
       Distracted        |       |     1 |       ||     1
  Eat: Chunk             |     9 |     5 |     6 ||    20
Armor: Animal skin       |    16 |    15 |       ||    31
       Robe              |       |       |    22 ||    22
Dodge: Dodged            |    92 |    89 |    71 ||   252
Block: Other             |     8 |    12 |    11 ||    31
